[Event "Titled Tuesday Blitz July 18 Early 2023"]
[White "Klimkowski, Jan"]
[Black "Krstulovic, Alex"]
[WhiteFideId "21856222"]
[BlackFideId "760056"]
[WhiteElo "2774"]
[BlackElo "2582"]
[Result "1-0"]
[Round "3"]
[TimeControl "180+2"]
[Date "2023.07.18"]
[WhiteClock "0:01:04"]
[BlackClock "0:00:03"]
[Board "38"]

1. d4 Na6 2. e4 c6 3. Bxa6 Qa5+ 4. Nc3 Qxa6 5. Nge2 g6 6. h4 h5 7. Bg5 Bg7 8. Qd2 d6 9. O-O-O b5 10. a3 Nf6 11. e5 dxe5 12. dxe5 Nd7 13. e6 fxe6 14. Qd3 Kf7 15. Qf3+ Bf6 16. Ne4 Rf8 17. Rxd7 Bxd7 18. Bxf6 Ke8 19. Rd1 Rd8 20. Nf4 Rf7 21. Nxg6 c5 22. Qxh5 1-0


[Site "https://www.chess.com"]

[Event "Titled Tuesday Blitz July 18 Early 2023"]
[White "Mahdavi, Reza"]
[Black "Kashlinskaya, Alina"]
[WhiteFideId "12595926"]
[BlackFideId "4198026"]
[WhiteElo "2772"]
[BlackElo "2580"]
[Result "1-0"]
[Round "3"]
[TimeControl "180+2"]
[Date "2023.07.18"]
[WhiteClock "0:00:10"]
[BlackClock "0:00:06"]
[Board "39"]

1. e4 c6 2. d4 d5 3. e5 Bf5 4. Nf3 e6 5. Be2 Ne7 6. O-O h6 7. a4 g5 8. Be3 Bg7 9. c3 Nd7 10. Nbd2 Qc7 11. a5 f6 12. exf6 Bxf6 13. c4 g4 14. Ne1 h5 15. Nd3 e5 16. dxe5 Nxe5 17. Nxe5 Bxe5 18. f4 Bxb2 19. Ra2 Bc3 20. Nb3 O-O 21. Nd4 Rae8 22. Qb3 Bxa5 23. c5 Be4 24. Ne6 Qc8 25. Nxf8 Bc7 26. Rxa7 Rxf8 27. Qxb7 Nf5 28. Qxc8 Rxc8 29. Bc1 Nd4 30. Ba6 Bb8 31. Ra8 Rf8 32. Bb2 Ne6 33. g3 Nxc5 34. Rc1 Bd6 35. Rxf8+ Bxf8 36. Bf1 Na4 37. Bd4 c5 38. Bf2 d4 39. Bc4+ Kg7 40. Ra1 Nc3 41. Ra7+ Kg6 42. Ra6+ Kg7 43. Ra7+ Kg6 44. Rd7 Bf5 45. Rc7 Ne4 46. Be1 Bd6 47. Rc6 Bd7 48. Ra6 Bc8 49. Rb6 Kg7 50. Bd3 Bc7 51. Rc6 1-0


[Site "https://www.chess.com"]

[Event "Titled Tuesday Blitz July 18 Early 2023"]
[White "Zaragatski, Ilja"]
[Black "Maximov, Dmitry"]
[WhiteFideId "4655192"]
[BlackFideId "14105659"]
[WhiteElo "2579"]
[BlackElo "2771"]
[Result "1-0"]
[Round "3"]
[TimeControl "180+2"]
[Date "2023.07.18"]
[WhiteClock "0:00:02"]
[BlackClock "0:00:00"]
[Board "40"]

1. Nf3 Nf6 2. g3 g6 3. b3 Bg7 4. Bb2 O-O 5. Bg2 d6 6. d4 Nfd7 7. O-O e5 8. dxe5 dxe5 9. Nfd2 f5 10. e4 f4 11. Nc4 Nc6 12. Bh3 Kh8 13. a4 Nb6 14. Bxc8 Qxc8 15. Nxb6 axb6 16. f3 fxg3 17. hxg3 Qh3 18. Qe1 Rad8 19. Qf2 Bh6 20. Re1 Kg8 21. Qg2 Qe6 22. Nc3 Nd4 23. Rf1 Be3+ 24. Kh1 g5 25. Nd5 Qh6+ 26. Qh2 Qxh2+ 27. Kxh2 Nxc2 28. Rad1 Bd4 29. Bc1 c6 30. Ne7+ Kf7 31. Bxg5 Rd7 32. Nf5 Kg6 33. f4 h6 34. Bh4 exf4 35. gxf4 Kh7 36. Nxd4 Nxd4 37. f5 c5 38. Kh3 Rg7 39. f6 Rgf7 40. e5 Re8 41. Rde1 Re6 42. Bf2 Nxb3 43. Kg4 Nd2 44. Rg1 Nc4 45. Kf5 Re8 46. Rh1 Rff8 47. Be3 1-0


[Site "https://www.chess.com"]

[Event "Titled Tuesday Blitz July 18 Early 2023"]
[White "Dzhumagaliev, Yan"]
[Black "Geivondian, Arman"]
[WhiteFideId "24100110"]
[BlackFideId "24102032"]
[WhiteElo "2771"]
[BlackElo "2557"]
[Result "0-1"]
[Round "3"]
[TimeControl "180+2"]
[Date "2023.07.18"]
[WhiteClock "0:00:02"]
[BlackClock "0:02:03"]
[Board "41"]

1. Nf3 Nf6 2. h4 c5 3. h5 Nc6 4. c3 e5 5. d4 cxd4 6. cxd4 e4 7. Ng1 d5 8. Nc3 Be6 9. a3 Rc8 10. h6 g6 11. Nh3 Qb6 12. e3 Bxh6 13. Na4 Qc7 14. Nc5 O-O 15. b4 b6 16. Na6 Qd7 17. Nf4 Bxf4 18. exf4 Ne7 19. Be2 Bg4 20. a4 Bxe2 21. Qxe2 Qg4 22. Qxg4 Nxg4 23. b5 Nf5 24. O-O Nxd4 25. Bb2 Nf5 26. Rad1 Rfd8 27. Nb4 d4 28. Nc6 e3 29. Rd3 exf2+ 30. Kh1 Nfe3 31. Rc1 f1=Q+ 32. Rxf1 Nxf1 33. Kg1 Nfe3 34. Bxd4 Nf5 0-1


[Site "https://www.chess.com"]

[Event "Titled Tuesday Blitz July 18 Early 2023"]
[White "Palencia Morales, Wilson Guillermo"]
[Black "Nazari, Arad"]
[WhiteFideId "4401859"]
[BlackFideId "12577324"]
[WhiteElo "2548"]
[BlackElo "2769"]
[Result "1-0"]
[Round "3"]
[TimeControl "180+2"]
[Date "2023.07.18"]
[WhiteClock "0:00:03"]
[BlackClock "0:00:00"]
[Board "42"]

1. d4 Nf6 2. c4 g6 3. Nf3 Bg7 4. Nc3 d5 5. Bg5 Ne4 6. cxd5 Nxg5 7. Nxg5 e6 8. Qd2 exd5 9. Qe3+ Kf8 10. Qf4 Bf6 11. h4 h6 12. Nf3 Kg7 13. O-O-O Be6 14. g4 c5 15. dxc5 Qa5 16. Nd4 Nc6 17. Nb3 Qd8 18. e3 Bxh4 19. Bg2 Bg5 20. Qg3 Ne7 21. Nd4 Bf6 22. f4 Nc6 23. Nxe6+ fxe6 24. Ne4 Qa5 25. Nxf6 Qxc5+ 26. Kb1 Kxf6 27. g5+ hxg5 28. fxg5+ Kg7 29. Rc1 Rxh1 30. Bxh1 Qe7 31. e4 Rd8 32. exd5 exd5 33. Re1 Qd6 34. Qc3+ d4 35. Qh3 Rh8 36. Qf1 d3 37. Bxc6 bxc6 38. Qf2 Rd8 39. Qxa7+ Rd7 40. Qe3 d2 41. Rd1 Qd5 42. Qc3+ Kg8 43. Qe3 Qf5+ 44. Ka1 Kf7 45. Qe2 Qc2 46. a3 Qc1+ 47. Ka2 Rd5 48. Qf1+ Rf5 49. Rxc1 1-0


[Site "https://www.chess.com"]

[Event "Titled Tuesday Blitz July 18 Early 2023"]
[White "Weetik, Vjacheslav"]
[Black "Mogirzan, Matei-Valeriu"]
[WhiteFideId "4153472"]
[BlackFideId "1257455"]
[WhiteElo "2765"]
[BlackElo "2546"]
[Result "0-1"]
[Round "3"]
[TimeControl "180+2"]
[Date "2023.07.18"]
[WhiteClock "0:00:02"]
[BlackClock "0:00:06"]
[Board "43"]

1. d4 c6 2. c4 d5 3. Nf3 Nf6 4. g3 e6 5. Bg2 Bd6 6. O-O Ne4 7. Nfd2 f5 8. f3 Nf6 9. e4 dxe4 10. fxe4 e5 11. c5 Bc7 12. Nc4 exd4 13. e5 Ng4 14. Nd6+ Bxd6 15. exd6 Qf6 16. Re1+ Kf8 17. Qe2 Bd7 18. h3 Nh6 19. Bxh6 gxh6 20. Qe7+ Qxe7 21. Rxe7 Rg8 22. Kf2 Rg7 23. Re5 Na6 24. Nd2 Nb4 25. Bf1 f4 26. g4 h5 27. g5 Bxh3 28. Nf3 Bxf1 29. Kxf1 Rf7 30. Rd1 Nd5 31. Rxd4 Ne3+ 32. Kf2 Re8 33. Rxe8+ Kxe8 34. Re4+ Kf8 35. Ke2 Nf5 36. Kf2 Ng3 37. Re1 Nf5 38. Ne5 Rg7 39. g6 hxg6 40. d7 Ke7 41. Rd1 Kd8 42. Rd3 Ne3 43. Kf3 Ng4 44. Nxg4 hxg4+ 45. Kxg4 Rxd7 46. Rf3 Rd4 47. Kg5 Rd5+ 48. Kxg6 Rxc5 49. Rxf4 Rc2 50. Rb4 Kc7 51. Kf5 a5 52. Rb3 a4 53. Rb4 b5 54. Ke4 Kb6 55. Kd3 Rh2 56. Kc3 c5 57. Rg4 Ka5 58. b4+ cxb4+ 59. Kd3 Rxa2 60. Rg8 b3 61. Kc3 Rc2+ 62. Kd3 Kb4 0-1


[Site "https://www.chess.com"]

[Event "Titled Tuesday Blitz July 18 Early 2023"]
[White "Trifan, Andrei Ioan"]
[Black "djokovic74"]
[WhiteFideId "12967068"]
[WhiteElo "2538"]
[BlackElo "2764"]
[Result "0-1"]
[Round "3"]
[TimeControl "180+2"]
[Date "2023.07.18"]
[WhiteClock "0:00:16"]
[BlackClock "0:00:05"]
[Board "44"]

1. d4 e6 2. c4 Nf6 3. Nc3 Bb4 4. Nf3 O-O 5. Qc2 d5 6. e3 b6 7. Be2 Bb7 8. O-O Nbd7 9. a3 Be7 10. Bd2 dxc4 11. Bxc4 c5 12. Be2 Rc8 13. Rfd1 Rc7 14. Nb5 Rc8 15. Nxa7 Ra8 16. Nb5 cxd4 17. Nbxd4 Nc5 18. Bb4 Qc8 19. Rac1 Be4 20. Qc4 Qb7 21. Ne1 Bd5 22. Qc2 e5 23. Nf5 Bb3 24. Nxe7+ Kh8 25. Qc3 Bxd1 26. Bxd1 Qxe7 27. Nd3 Nfd7 28. Nxc5 bxc5 29. Bxc5 Nxc5 30. Qxc5 Qe6 31. Qb4 Rab8 32. Qd2 Rfd8 33. Qe2 Ra8 34. h3 h6 35. a4 Qe7 36. Rc3 Rab8 37. Bb3 e4 38. Qc2 Rd7 39. Rc4 Re8 40. a5 Qd8 41. Ba4 Rd2 42. Qc3 Rf8 43. Rxe4 Qd6 44. b4 Rd8 45. g3 Qd5 46. Bc2 Qd6 47. Rc4 Qd7 48. a6 Qb5 49. a7 R2d7 50. Rc8 Qb7 51. Rxd8+ Rxd8 52. Qc5 Ra8 53. b5 Qxa7 54. b6 Qb7 55. Qd4 Rb8 56. Qf4 Qxb6 57. Qxf7 Qf6 58. Qc4 Rf8 59. Qe2 Qe5 60. Bb1 Kg8 61. Qa2+ Kh8 62. Qc2 Kg8 63. Ba2+ Kh8 64. Bb1 Kg8 65. Qh7+ Kf7 66. Qd3 Kg8 67. Kg2 Qf6 68. Qh7+ Kf7 69. Qe4 Kg8 70. Qh7+ Kf7 71. Ba2+ Ke7 72. Qe4+ Kd8 73. Qd5+ Ke7 74. Qc4 Qxf2+ 75. Kh1 Qe1+ 76. Kg2 Rf2# 0-1


[Site "https://www.chess.com"]

[Event "Titled Tuesday Blitz July 18 Early 2023"]
[White "Skvortsov, Andrei"]
[Black "Glavina, Pablo"]
[WhiteFideId "24108600"]
[BlackFideId "100234"]
[WhiteElo "2760"]
[BlackElo "2373"]
[Result "1-0"]
[Round "3"]
[TimeControl "180+2"]
[Date "2023.07.18"]
[WhiteClock "0:02:22"]
[BlackClock "0:01:11"]
[Board "45"]

1. e4 c6 2. d4 d5 3. Nc3 dxe4 4. Nxe4 Nf6 5. Nxf6+ exf6 6. Nf3 Bd6 7. Bc4 O-O 8. O-O Re8 9. h3 Nd7 10. Re1 Nf8 11. Be3 Bf5 12. c3 Ng6 13. Qb3 Qd7 14. Bf1 Bc7 15. Rad1 h5 16. d5 cxd5 17. Bb5 Qd6 18. Bxe8 Rxe8 19. Qxd5 Qxd5 20. Rxd5 Be6 21. Rdd1 Bxa2 22. Ra1 Bd5 23. Rxa7 f5 24. Bd2 Rd8 25. Nd4 Bb6 26. Raa1 Nh4 27. Bg5 Nxg2 28. Bxd8 1-0


[Site "https://www.chess.com"]

[Event "Titled Tuesday Blitz July 18 Early 2023"]
[White "Goltsev, Dmitry"]
[Black "AndresDelgado77"]
[WhiteFideId "24176710"]
[WhiteElo "2758"]
[BlackElo "2331"]
[Result "0-1"]
[Round "3"]
[TimeControl "180+2"]
[Date "2023.07.18"]
[WhiteClock "0:01:41"]
[BlackClock "0:01:43"]
[Board "46"]

1. e4 e6 2. d4 d5 3. exd5 exd5 4. Nf3 Nc6 5. c4 Nf6 6. Nc3 Bb4 7. a3 Bxc3+ 8. bxc3 O-O 9. Be2 Ne4 10. Bd2 dxc4 11. Bxc4 Bg4 12. Be2 Nxd2 13. Qxd2 Bxf3 14. Bxf3 Re8+ 15. Kf1 Na5 16. g3 Nb3 17. Qd1 Nxa1 18. Qxa1 Qf6 19. Kg2 c6 20. Rb1 Re7 21. Qb2 Rae8 22. Qb4 h5 23. Bxh5 g6 24. Bf3 Kg7 25. Qc5 Rh8 26. Qxa7 Qf5 27. Rxb7 Qh3+ 28. Kg1 Re1# 0-1


[Site "https://www.chess.com"]

[Event "Titled Tuesday Blitz July 18 Early 2023"]
[White "realmadridfc123"]
[Black "Zaim, Marian"]
[BlackFideId "1204114"]
[WhiteElo "2746"]
[BlackElo "2312"]
[Result "1-0"]
[Round "3"]
[TimeControl "180+2"]
[Date "2023.07.18"]
[WhiteClock "0:00:11"]
[BlackClock "0:00:03"]
[Board "47"]

1. e4 d6 2. d4 Nf6 3. Nc3 g6 4. Nf3 Bg7 5. a4 O-O 6. a5 Nbd7 7. Bc4 e6 8. O-O a6 9. Bb3 Qe7 10. h3 b5 11. e5 Ne8 12. Bg5 f6 13. exf6 Ndxf6 14. Re1 Qf7 15. Qe2 b4 16. Na4 Nd5 17. c4 Nf4 18. Bxf4 Qxf4 19. c5 d5 20. Qe3 Qxe3 21. fxe3 Bd7 22. e4 c6 23. Nb6 Rd8 24. e5 Nc7 25. Ra4 Nb5 26. Rxb4 Bh6 27. Re2 Bc1 28. Ba4 g5 29. Rb3 h5 30. Bxb5 cxb5 31. c6 Bxc6 32. Rc3 g4 33. hxg4 hxg4 34. Nh2 Bf4 35. Rxc6 g3 36. Ng4 Rde8 37. Nf6+ Rxf6 38. exf6 Kf7 39. Nxd5 exd5 40. Rxe8 Kxe8 41. Rxa6 Be3+ 42. Kf1 Bxd4 43. Rb6 Bxb2 44. a6 Bd4 45. a7 Bxb6 46. a8=Q+ Kf7 47. Qb7+ Kxf6 48. Qxb6+ Ke5 49. Qxb5 Ke4 50. Qe2+ Kd4 51. Qg4+ Kc5 52. Qxg3 1-0


[Site "https://www.chess.com"]

[Event "Titled Tuesday Blitz July 18 Early 2023"]
[White "Kuzhilniy, Oleksandr"]
[Black "Carlsen, Magnus"]
[WhiteFideId "34110500"]
[BlackFideId "1503014"]
[WhiteElo "2627"]
[BlackElo "3279"]
[Result "0-1"]
[Round "3"]
[TimeControl "180+2"]
[Date "2023.07.18"]
[WhiteClock "0:00:10"]
[BlackClock "0:00:45"]
[Board "48"]

1. e4 e6 2. d4 a6 3. Nf3 d5 4. e5 Bd7 5. c4 dxc4 6. Bxc4 Bc6 7. Nc3 Ne7 8. O-O h6 9. h4 Nd7 10. d5 exd5 11. Nxd5 Nc5 12. Nxe7 Qxe7 13. Qe2 O-O-O 14. Bf4 g5 15. hxg5 Ne6 16. Bxe6+ Qxe6 17. Rad1 Rxd1 18. Rxd1 hxg5 19. Nxg5 Qf5 20. Qd3 Qxd3 21. Rxd3 Rg8 22. f3 Bc5+ 23. Kh2 Rh8+ 24. Nh3 Rd8 25. Rxd8+ Kxd8 26. Bd2 Kd7 27. Bc3 b5 28. a3 Be3 29. Kg3 Ke6 30. Nf4+ Kf5 31. Nd3 Bd5 32. Nb4 Bb7 33. Nc2 Bf4+ 34. Kf2 c5 35. b4 Bxe5 36. g4+ Ke6 37. Bxe5 Kxe5 38. Ke3 Kd5 39. bxc5 Kxc5 40. f4 Kc4 41. Nd4 a5 42. f5 f6 43. Nc2 Bd5 44. Kd2 Be4 45. Ne3+ Kb3 46. g5 fxg5 47. f6 Bg6 48. Ng4 Kxa3 49. Ne5 Be8 50. f7 Bxf7 51. Nxf7 g4 52. Nd6 b4 53. Nc4+ Ka4 54. Ke3 b3 55. Kf4 Kb4 56. Nb2 a4 57. Kxg4 a3 58. Nd3+ Kc3 0-1


[Site "https://www.chess.com"]

[Event "Titled Tuesday Blitz July 18 Early 2023"]
[White "Borgaonkar Akshay"]
[Black "Shimanov, Aleksandr"]
[WhiteFideId "25639110"]
[BlackFideId "4198603"]
[WhiteElo "2618"]
[BlackElo "3005"]
[Result "1-0"]
[Round "3"]
[TimeControl "180+2"]
[Date "2023.07.18"]
[WhiteClock "0:00:15"]
[BlackClock "0:00:04"]
[Board "50"]

1. e4 e6 2. d3 d5 3. Nd2 c5 4. Ngf3 Nc6 5. g3 Nf6 6. Bg2 Be7 7. O-O O-O 8. Re1 Qc7 9. Qe2 b5 10. e5 Nd7 11. Nf1 Bb7 12. h4 Rfc8 13. Bf4 Qd8 14. h5 h6 15. g4 Nf8 16. Qd2 Nh7 17. Ng3 b4 18. Kh2 a5 19. Rg1 a4 20. Bh3 Ng5 21. Nxg5 hxg5 22. Bxg5 Bxg5 23. f4 Nxe5 24. Raf1 Nxg4+ 25. Bxg4 Bh6 26. Qe2 Qh4+ 27. Bh3 Re8 28. Qe5 Rad8 29. Qc7 Qe7 30. Qe5 f6 31. Qe1 f5 32. Qe5 Qd6 33. Qe3 d4 34. Qf2 Kh8 35. Bg2 Bd5 36. Bxd5 Qxd5 37. Re1 Qxa2 38. Re5 Qxb2 39. Rge1 b3 40. R1e2 bxc2 41. Rxc2 Qb3 42. Rce2 Qxd3 43. Nxf5 Qc4 44. Nxh6 gxh6 45. f5 d3 46. R2e4 Rd4 47. Qf4 Qc2+ 48. Kh3 Rg8 49. Qxh6# 1-0


[Site "https://www.chess.com"]

[Event "Titled Tuesday Blitz July 18 Early 2023"]
[White "Belov, Alexei"]
[Black "Movahed, Sina"]
[WhiteFideId "4128206"]
[BlackFideId "42520835"]
[WhiteElo "2611"]
[BlackElo "3000"]
[Result "1-0"]
[Round "3"]
[TimeControl "180+2"]
[Date "2023.07.18"]
[WhiteClock "0:00:11"]
[BlackClock "0:00:04"]
[Board "51"]

1. e4 c5 2. Nf3 d6 3. d4 cxd4 4. Nxd4 Nf6 5. Nc3 a6 6. Be2 e5 7. Nb3 Be6 8. f4 b5 9. fxe5 dxe5 10. Qxd8+ Kxd8 11. Bg5 Nd7 12. O-O-O Kc7 13. Nd5+ Bxd5 14. exd5 Bd6 15. c4 bxc4 16. Na5 c3 17. Rd3 Ne4 18. Be3 Ndc5 19. Bxc5 cxb2+ 20. Kxb2 Nxc5 21. Rc3 Rhc8 22. Bg4 Rcb8+ 23. Nb3 Kb6 24. Kc2 Nb7 25. Rb1 Ka7 26. Rc6 g6 27. Kd1 Ba3 28. Be2 Nc5 29. Kc2 Rb6 30. Nxc5 Rxc6 31. dxc6 Rc8 32. Rb7+ Ka8 33. Bf3 f5 34. Bd5 Bxc5 35. c7 Rf8 36. Rb8+ Ka7 37. Rxf8 1-0


[Site "https://www.chess.com"]

[Event "Titled Tuesday Blitz July 18 Early 2023"]
[White "Anton Guijarro, David"]
[Black "brm72"]
[WhiteFideId "2285525"]
[WhiteElo "2928"]
[BlackElo "2603"]
[Result "1-0"]
[Round "3"]
[TimeControl "180+2"]
[Date "2023.07.18"]
[WhiteClock "0:01:13"]
[BlackClock "0:00:46"]
[Board "52"]

1. Nf3 c5 2. e3 Nc6 3. d4 cxd4 4. exd4 d5 5. Ne5 Nf6 6. Bb5 Bd7 7. Nxd7 Qxd7 8. c3 e6 9. O-O Bd6 10. Nd2 a6 11. Bd3 O-O 12. Re1 Qc7 13. Nf3 b5 14. a3 Na5 15. Ne5 Nc4 16. Qe2 Rae8 17. Bf4 Nd7 18. Bg3 Ndxe5 19. dxe5 Bc5 20. h4 Rb8 21. b4 Ba7 22. a4 Bb6 23. axb5 axb5 24. Qh5 f5 25. exf6 Qxg3 26. Bxh7+ Kh8 27. Bg6+ Kg8 28. Qh7# 1-0


[Site "https://www.chess.com"]

[Event "Titled Tuesday Blitz July 18 Early 2023"]
[White "Zhigalko, Sergei"]
[Black "Ambartsumova, Karina"]
[WhiteFideId "13502956"]
[BlackFideId "4166299"]
[WhiteElo "2877"]
[BlackElo "2601"]
[Result "1-0"]
[Round "3"]
[TimeControl "180+2"]
[Date "2023.07.18"]
[WhiteClock "0:00:05"]
[BlackClock "0:00:00"]
[Board "53"]

1. e4 c5 2. Nf3 e6 3. c3 d5 4. e5 d4 5. Bd3 Bd7 6. O-O Bc6 7. Re1 g5 8. b4 g4 9. b5 Bd7 10. cxd4 gxf3 11. Qxf3 Bc8 12. Nc3 cxd4 13. Ne4 Be7 14. a4 Nd7 15. Qg3 Kf8 16. Ba3 Nh6 17. Ng5 Rg8 18. Nxh7+ Ke8 19. Qf4 Bxa3 20. Rxa3 Ng4 21. h3 Qh4 22. hxg4 Rxg4 23. Qh2 Ke7 24. Qxh4+ Rxh4 25. Ng5 b6 26. Be4 Rb8 27. Nf3 Rg4 28. Rd3 Bb7 29. Rxd4 Bxe4 30. Rdxe4 Rxe4 31. Rxe4 Nc5 32. Rc4 Rd8 33. d4 Nb3 34. Kf1 Rd7 35. Ke2 Na5 36. Rc3 f6 37. Ke3 f5 38. g3 Nb7 39. Ne1 Na5 40. Ng2 Nb7 41. Nf4 Na5 42. f3 Nb7 43. g4 fxg4 44. fxg4 Nd8 45. g5 Nf7 46. g6 Nh6 47. Ke4 Kf8 48. Nxe6+ Ke7 49. Nf4 Kf8 50. d5 Kg7 51. d6 Ng4 52. Rc7 1-0


[Site "https://www.chess.com"]

[Event "Titled Tuesday Blitz July 18 Early 2023"]
[White "Zemlyanskii, Ivan"]
[Black "Vovk, Orest"]
[WhiteFideId "24249971"]
[BlackFideId "14113490"]
[WhiteElo "2873"]
[BlackElo "2588"]
[Result "1-0"]
[Round "3"]
[TimeControl "180+2"]
[Date "2023.07.18"]
[WhiteClock "0:00:11"]
[BlackClock "0:00:04"]
[Board "54"]

1. d4 h6 2. e4 g5 3. h4 g4 4. Nc3 Bg7 5. Be3 d6 6. Nge2 c6 7. Ng3 Qa5 8. Qd2 h5 9. Bc4 b5 10. Bb3 Nd7 11. O-O-O Nb6 12. Kb1 Nc4 13. Qd3 Nxe3 14. Qxe3 Bh6 15. Qd3 Ba6 16. Nce2 b4 17. Bc4 Bxc4 18. Qxc4 Qb5 19. Qxb5 cxb5 20. Nxh5 Be3 21. fxe3 Rxh5 22. Ng3 Rh7 23. Rdf1 Nf6 24. Rf5 a6 25. e5 dxe5 26. Rxe5 Kd7 27. Ne4 Nxe4 28. Rxe4 g3 29. Rg4 Rah8 30. Kc1 f5 31. Rf4 e6 32. d5 exd5 33. Rxb4 Ke6 34. Kd2 Ke5 35. Rf4 Rh5 36. Ke2 a5 37. c3 Rc8 38. Kf3 b4 39. Rc1 bxc3 40. Rxc3 Rch8 41. Kxg3 Rg8+ 42. Kf3 Rh7 43. Rc5 Rhg7 44. g4 Rxg4 45. Rxg4 Rxg4 46. Rxa5 Rxh4 47. Ra8 Rh2 48. b4 Rb2 49. a3 Rb3 50. Ke2 Rb2+ 51. Kd3 Rb3+ 52. Kd2 Ke4 53. Re8+ Kf3 54. Re5 Rxa3 55. Rxd5 Ke4 56. Rd4+ Ke5 57. Rd8 Rb3 58. Rb8 Ke4 59. Kc2 Rxe3 60. Re8+ Kd4 61. Rxe3 Kxe3 62. b5 f4 63. Kd1 Kf2 64. b6 f3 65. b7 Kg1 66. b8=Q f2 67. Qg3+ Kh1 68. Qh3+ Kg1 69. Ke2 f1=Q+ 70. Qxf1+ Kh2 71. Qf3 Kg1 72. Qg4+ Kh2 73. Kf2 1-0


[Site "https://www.chess.com"]

[Event "Titled Tuesday Blitz July 18 Early 2023"]
[White "Przybylski, Wojciech"]
[Black "Kosteniuk, Alexandra"]
[WhiteFideId "1117599"]
[BlackFideId "4128125"]
[WhiteElo "2585"]
[BlackElo "2796"]
[Result "1-0"]
[Round "3"]
[TimeControl "180+2"]
[Date "2023.07.18"]
[WhiteClock "0:00:02"]
[BlackClock "0:00:00"]
[Board "55"]

1. e4 c5 2. Nf3 Nc6 3. Bb5 Nf6 4. d3 Qa5+ 5. Nc3 Nd4 6. Bc4 b5 7. e5 bxc4 8. exf6 gxf6 9. dxc4 Bb7 10. Nxd4 cxd4 11. Qxd4 Bxg2 12. Rg1 Bc6 13. Bd2 Qe5+ 14. Qxe5 fxe5 15. Nd5 Rc8 16. O-O-O f6 17. f4 exf4 18. Bxf4 Kf7 19. Rdf1 Bxd5 20. cxd5 Rc5 21. Rd1 h5 22. c3 Bh6 23. Bxh6 Rxh6 24. Kc2 f5 25. b4 Rc8 26. Kb3 Rg6 27. Rgf1 Rf6 28. a4 Rg8 29. a5 f4 30. Rf3 Kg6 31. b5 e5 32. dxe6 dxe6 33. Rg1+ Kf7 34. Re1 Rf5 35. c4 Rc8 36. a6 e5 37. Kb4 Ke6 38. Re4 Rf7 39. c5 Kd5 40. Rc4 e4 41. Rf1 f3 42. Rd1+ Ke5 43. Re1 Rf4 44. b6 f2 45. Ra1 e3 46. b7 Rxc4+ 47. Kxc4 Rf8 48. c6 Kd6 49. Kd3 Kc7 50. Ke2 Kxc6 51. Rc1+ Kb6 52. Rb1+ Kc7 53. Rc1+ Kb8 54. Rf1 Kc7 55. Kxe3 1-0


[Site "https://www.chess.com"]

[Event "Titled Tuesday Blitz July 18 Early 2023"]
[White "Becerra, Juan David"]
[Black "Bachmann, Axel"]
[WhiteFideId "4404998"]
[BlackFideId "3700488"]
[WhiteElo "2569"]
[BlackElo "2795"]
[Result "0-1"]
[Round "3"]
[TimeControl "180+2"]
[Date "2023.07.18"]
[WhiteClock "0:00:00"]
[BlackClock "0:00:08"]
[Board "56"]

1. e4 e5 2. Nc3 Nf6 3. g3 Bc5 4. Bg2 d6 5. Na4 Bb6 6. Nxb6 axb6 7. Ne2 Nc6 8. d4 exd4 9. Nxd4 O-O 10. O-O Re8 11. Nxc6 bxc6 12. Re1 Ra5 13. b3 Rae5 14. f3 R5e6 15. Bd2 d5 16. Bc3 dxe4 17. Qxd8 Rxd8 18. Bh3 Nd5 19. Bxe6 Bxe6 20. Bd2 exf3 21. Rad1 h5 22. c4 Nf6 23. Be3 Ra8 24. Rd2 Bh3 25. Red1 Kh7 26. a4 Re8 27. Bf2 Ne4 28. Rd8 Nxf2 29. Kxf2 Re2+ 30. Kxf3 Bg4+ 31. Kf4 Rxh2 32. R1d2 Rh1 33. Ke3 Re1+ 34. Kf2 Rh1 35. Kg2 Rb1 36. R8d3 c5 37. Re3 f6 38. Rf2 Kh6 39. Rd2 g5 40. Kh2 Kg6 41. Rf2 Rd1 42. Re7 Bd7 43. Re3 Bc6 44. Rg2 Bxg2 45. Kxg2 Kf7 46. Kf2 Rd6 47. Kf3 Re6 48. Rd3 Ke7 49. Rd5 Rd6 50. Rf5 Ke6 51. Ke3 Kxf5 0-1


[Site "https://www.chess.com"]

[Event "Titled Tuesday Blitz July 18 Early 2023"]
[White "Stribuk, Artiom"]
[Black "Ganiev, Roman"]
[WhiteFideId "13515659"]
[BlackFideId "4131452"]
[WhiteElo "2782"]
[BlackElo "2565"]
[Result "1/2-1/2"]
[Round "3"]
[TimeControl "180+2"]
[Date "2023.07.18"]
[WhiteClock "0:00:03"]
[BlackClock "0:00:04"]
[Board "57"]

1. d4 Nf6 2. c4 e6 3. g3 d5 4. Bg2 Be7 5. Nf3 O-O 6. O-O Nbd7 7. Nc3 dxc4 8. a4 Nd5 9. e4 Nxc3 10. bxc3 c6 11. Be3 Rb8 12. Bf4 Ra8 13. Nd2 e5 14. dxe5 g5 15. e6 gxf4 16. exd7 Bxd7 17. Nxc4 Be6 18. Ne5 Qxd1 19. Rfxd1 fxg3 20. hxg3 Rfd8 21. f4 Bf6 22. Kf2 Bxe5 23. fxe5 Rxd1 24. Rxd1 a5 25. Bf1 Kf8 26. Rb1 Rb8 27. Rb6 Ke7 28. Ke3 Kd8 29. Be2 Kc7 30. Rb1 Rg8 31. Kf2 Rd8 32. Ke3 Rg8 33. Kf4 b6 34. Rh1 Rg7 35. g4 Bd7 36. Rh6 b5 37. axb5 cxb5 38. Ra6 a4 39. Ra7+ Kd8 40. g5 Rg6 41. Bh5 Rg7 42. Ra8+ Kc7 43. Ra7+ Kd8 44. Be2 Rg6 45. Bh5 Rg7 1/2-1/2


[Site "https://www.chess.com"]

[Event "Titled Tuesday Blitz July 18 Early 2023"]
[White "Smirnov, Pavel"]
[Black "Tarasova, Viktoriya"]
[WhiteFideId "4123425"]
[BlackFideId "4175840"]
[WhiteElo "2718"]
[BlackElo "2380"]
[Result "1-0"]
[Round "3"]
[TimeControl "180+2"]
[Date "2023.07.18"]
[WhiteClock "0:01:29"]
[BlackClock "0:00:00"]
[Board "58"]

1. d4 Nf6 2. c4 e6 3. g3 d5 4. Nf3 Bb4+ 5. Bd2 Be7 6. Bg2 O-O 7. O-O Nbd7 8. Qc2 c6 9. Bf4 b6 10. Nbd2 Nh5 11. e3 Nxf4 12. exf4 Bb7 13. cxd5 cxd5 14. Rfc1 Bd6 15. Bf1 Qe7 16. Bd3 h6 17. Ne5 g5 18. Ndf3 gxf4 19. gxf4 Kh8 20. Kh1 Rg8 21. Rg1 Nf6 22. Qe2 Ne4 23. Nd2 Nxd2 24. Qxd2 Rxg1+ 25. Rxg1 Rg8 26. Rg3 Qf6 27. Qe3 Rxg3 28. hxg3 Kg7 29. Ng4 Qe7 30. f5 Qg5 31. f6+ Kf8 32. Qxg5 hxg5 33. Ne5 Bxe5 34. dxe5 d4+ 35. Kg1 Ke8 36. f4 gxf4 37. gxf4 Bd5 38. a3 Kd7 39. Kf2 Ke8 40. Ke2 Bb3 41. Bb5+ Kd8 42. Kd3 1-0


[Site "https://www.chess.com"]

[Event "Titled Tuesday Blitz July 18 Early 2023"]
[White "Tica, Sven"]
[Black "Jiang, Andrew"]
[WhiteFideId "14526948"]
[BlackFideId "30953510"]
[WhiteElo "2663"]
[BlackElo "2371"]
[Result "1/2-1/2"]
[Round "3"]
[TimeControl "180+2"]
[Date "2023.07.18"]
[WhiteClock "0:01:04"]
[BlackClock "0:00:48"]
[Board "59"]

1. Nf3 d5 2. g3 Bg4 3. Bg2 e6 4. O-O Nf6 5. c4 c6 6. cxd5 exd5 7. Qb3 Qb6 8. Qe3+ Qxe3 9. dxe3 Bd6 10. Nc3 Nbd7 11. a4 a5 12. b3 O-O 13. Nd4 Nc5 14. Ba3 Rfd8 15. Rfd1 Ne6 16. Bxd6 Rxd6 17. Rab1 Nxd4 18. exd4 Bf5 19. Rb2 Nd7 20. b4 axb4 21. Rxb4 Ra7 22. Rd2 Kf8 23. f3 Bg6 24. e4 dxe4 25. fxe4 c5 26. Rc4 Rxd4 27. Rdxd4 cxd4 28. Nd5 Ra8 29. Rxd4 Nc5 30. Nb6 Ra6 31. Rb4 Bxe4 32. Bxe4 Nxe4 33. Nd7+ Ke7 34. Nb8 Ra8 35. Rxe4+ Kd8 36. Rd4+ Kc7 37. Rd7+ Kxb8 38. Rxf7 Rxa4 39. Rxg7 h6 40. Rg6 Ra6 41. Rg8+ Kc7 42. Kg2 b5 43. Rg7+ Kb6 44. Kf3 Ra3+ 45. Ke2 Ra2+ 46. Kd3 Rxh2 47. Kc3 Kc5 48. Rc7+ Kd6 49. Rg7 Rh3 50. Kb4 Ke5 51. Kxb5 Kf6 52. Rg8 Kf7 53. Rg4 h5 54. Rh4 Rxh4 55. gxh4 Kf6 56. Kc4 Kf5 57. Kd4 Kf4 58. Kd3 Kf3 59. Kd4 Kg3 60. Ke4 Kg4 61. Ke3 Kg3 62. Ke4 Kxh4 63. Kf4 Kh3 64. Kf3 h4 65. Kf2 Kg4 66. Kg2 h3+ 67. Kh2 Kh4 68. Kh1 Kg3 69. Kg1 h2+ 70. Kh1 Kh3 1/2-1/2


[Site "https://www.chess.com"]